 Dungeon Crawl Stone Soup version 0.27.1-33-g824d729ab1 (webtiles) character file.

Game seed: 5047000842069007771

7224 pkoi the Cardsharp (level 10, 0/77 HPs)
             Began as a Purple Draconian Monk on Dec 20, 2021.
             Was a High Priest of Nemelex Xobeh.
             Slain by a white ugly thing (19 damage)
             ... on level 9 of the Dungeon.
             The game lasted 00:16:50 (14659 turns).

pkoi the Cardsharp (Purple Draconian Monk)         Turns: 14659, Time: 00:16:51

Health: 0/77       AC: 16    Str:  8    XL:     10   Next: 88%
Magic:  17/17      EV: 12    Int: 17    God:    Nemelex Xobeh [*****.]
Gold:   372        SH:  0    Dex: 14    Spells: 15/18 levels left

rFire    . . .     SeeInvis +     - Unarmed
rCold    . . .     Faith    .   (no shield)
rNeg     + + +     Spirit   .   (armour unavailable)
rPois    .         Reflect  .   (helmet restricted)
rElec    .         Harm     .   g - +1 cloak
rCorr    .         Rampage  .   u - +1 pair of gloves "Buab" {+Blink Str-3 Int+3}
Will     +....                  e - +0 pair of boots
Stlth    +++.......             (no amulet)
HPRegen  0.22/turn              h - ring of wizardry
MPRegen  0.15/turn              p - ring "Efousade" {*Corrode rN+++ AC+4 Str-2 SInv Stlth+}

@: no status effects
A: breathe power, AC +7, unfitting armour, cold-blooded
a: Breathe Dispelling Energy, Renounce Religion, Evoke Blink, Draw Escape, Draw
Destruction, Draw Summoning, Triple Draw, Deal Four, Stack Five


You were on level 9 of the Dungeon.
You worshipped Nemelex Xobeh.
Nemelex Xobeh was extremely pleased with you.
You visited 2 branches of the dungeon, and saw 10 of its levels.
You also visited: Bailey.

You collected 468 gold pieces.
You spent 96 gold pieces at shops.

Inventory:

Hand Weapons
 a - a +0 long sword
 y - a +5 whip of electrocution
Missiles
 l - 19 poisoned darts (quivered)
 o - 5 curare-tipped darts
 w - 5 throwing nets
Armour
 e - a +0 pair of boots (worn)
 g - a +1 cloak (worn)
 u - the +1 pair of gloves "Buab" (worn) {+Blink Str-3 Int+3}
   (You found it on level 8 of the Dungeon)

   Str:       It affects your strength (-3).
   Int:       It affects your intelligence (+3).
   +Blink:    It lets you blink.
Jewellery
 h - a ring of wizardry (left hand)
 p - the ring "Efousade" (right hand) {*Corrode rN+++ AC+4 Str-2 SInv Stlth+}
   (You acquired it in a bailey)

   [ring of protection]

   AC:        It affects your AC (+4).
   Str:       It affects your strength (-2).
   rN:        It renders you almost immune to negative energy.
   SInv:      It lets you see invisible.
   *Corrode:  It may corrode you when you take damage.
   Stlth:     It makes you more stealthy.
 x - a ring of wizardry
Wands
 d - a wand of flame (25)
 j - a wand of mindburst (13)
 m - a wand of polymorph (5)
 r - a wand of digging (1)
 s - a wand of charming (16)
 v - a wand of iceblast (14)
Scrolls
 b - 3 scrolls of teleportation
 f - 3 scrolls of identify
 k - a scroll of enchant armour
Potions
 c - 5 potions of heal wounds
 i - a potion of curing
 n - a potion of resistance
 q - 3 potions of flight
 t - a potion of lignification
 z - 2 potions of mutation


   Skills:
 - Level 3.2 Fighting
 - Level 2.6 Dodging
 - Level 1.7 Stealth
 + Level 10.2 Unarmed Combat
 - Level 4.5 Spellcasting
 - Level 5.0 Translocations
 - Level 5.4 Transmutations
 - Level 4.0 Earth Magic
 + Level 10.4 Invocations


You had 15 spell levels left.
You knew the following spells:

 Your Spells              Type           Power      Damage    Failure   Level
a - Passwall              Tmut/Erth      16%        N/A       1%          2
b - Apportation           Tloc           40%        N/A       1%          1

Your spell library contained the following spells:

 Spells                   Type           Power      Damage    Failure   Level
 Sandblast                Erth           34%        2d9       1%          1
 Animate Skeleton         Necr           6%         N/A       6%          1
 Corona                   Hex            3%         N/A       6%          1
 Summon Small Mammal      Summ           12%        N/A       6%          1
 Lee's Rapid Deconstruct  Erth           8%         3d8*      30%         5


Dungeon Overview and Level Annotations

Branches:
Dungeon (9/15)             Temple (1/1) D:6          Bailey (visited)
   Lair: D:8-11         Orc: D:9-12

Altars:
Ashenzari
Cheibriados
Dithmenos
Elyvilon
Fedhas
Gozag
Hepliaklqana
Kikubaaqudgha
Makhleb
Nemelex Xobeh
Okawaru
Qazlal
Ru
Trog
Uskayaw
Wu Jian
Xom
Yredelemnul
Zin
The Shining One

Shops:
D:8 !

Annotations:
D:1 1 runed translucent door
D:3 2 transporters, potato4science's ghost, amateur OpEn
D:5 2 transporters
D:7 2 transporters, Tigers101's ghost, novice DgCj


Innate Abilities, Weirdness & Mutations

You can breathe bolts of dispelling energy.
Your rich purple scales are hard. (AC +7)
You cannot fit into any form of body armour.
You are cold-blooded and may be slowed by cold attacks.


Message History

You have drawn Pain.
Press: ? - help, Shift-Dir - straight line, f/p - white ugly thing
Aim: a white ugly thing (heavily wounded, ally target)
The white ugly thing barely resists.
You feel yourself speed up.
Pkoi's illusion hits the white ugly thing!
The white ugly thing tail-slaps pkoi's illusion.
The white ugly thing freezes pkoi's illusion!!
Unknown command.
You draw a card...
You have drawn the Storm.
A mighty gale blasts forth from the card!
Pkoi's illusion and the white ugly thing are blown away by the wind.
The electrical discharge engulfs pkoi's illusion!!!
Pkoi's illusion is almost dead.
The electrical discharge engulfs pkoi's illusion!!!
You kill pkoi's illusion!
Pkoi's illusion shimmers and vanishes!
You hear cataclysmic peals of thunder!
Unknown command.
You draw a card...
You have drawn Wild Magic.
The white ugly thing is briefly tinged with green!
The white ugly thing is poisoned.
You feel a surge of magic.
Unknown command.
You hit the white ugly thing but do no damage.
You tail-slap the white ugly thing, but do no damage.
The white ugly thing is almost dead.
The white ugly thing tail-slaps you but does no damage.
You hit the white ugly thing but do no damage.
You tail-slap the white ugly thing, but do no damage.
The white ugly thing is almost dead.
The white ugly thing tail-slaps you.
* * * LOW HITPOINT WARNING * * *
The white ugly thing freezes you!
You feel yourself slow down.
* * * LOW HITPOINT WARNING * * *
You feel yourself speed up. The white ugly thing tail-slaps you.
* * * LOW HITPOINT WARNING * * *
The white ugly thing freezes you!!
You die...
Your body disappears without a glow.

#........
#.###.###
##########
######.# #.#
#......<.
#......# #.#
#.......#
#.###### #+#
#.......# #.#
#.......# #.#
#......u####.#
#.......@....#
##########.###
#......#
##.###.# #.#
..# ### .


You could see a white ugly thing (poisoned).

Vanquished Creatures
  Harold (D:8)
  2 yaks (D:8)
  Sigmund (D:5)
  Eustachio (D:5)
  A steam dragon (D:8)
  Edmund (D:5)
  Duvessa (D:6)
  9 orc warriors
  2 ice beasts
  2 sky beasts
  2 necrophages
  2 ogres
  2 centaurs
  3 phantoms
  Blork the orc (D:5)
  A gnoll sergeant (D:8)
  A wyvern zombie (D:6)
  A bullfrog (D:6)
  Dowan (D:6)
  2 water moccasin skeletons
  6 killer bees (D:9)
  A howler monkey (D:3)
  2 bullfrog zombies
  A centaur zombie (D:9)
  6 hounds
  A jelly (D:4)
  Crazy Yiuf (D:2)
  2 orc priests
  A bullfrog skeleton (D:5)
  2 centaur skeletons (D:4)
  7 iguanas
  Jessica (D:3)
  6 orc wizards
  27 gnolls
  7 adders
  A white imp (D:5)
  An ufetubus (D:5)
  2 worms
  A dart slug (D:3)
  36 orcs
  5 ball pythons
  6 endoplasms
  6 giant cockroaches
  12 goblins
  11 hobgoblins
  16 jackals
  3 quokkas
  6 bats
  3 frilled lizards
  5 kobolds
  3 rats
225 creatures vanquished.

Vanquished Creatures (collateral kills)
  Erica (D:8)
  An orc knight (Bailey)
  4 yaks (D:8)
  Menkaure (D:6)
  A steam dragon (D:7)
  8 orc warriors
  A bullfrog (D:8)
  A gnoll sergeant (D:7)
  A gnoll shaman (D:7)
  2 howler monkey zombies (D:8)
  6 gnolls
  6 orcs
33 creatures vanquished.

Vanquished Creatures (others)
  4 fungi (D:2)
  4 plants (D:3)
8 creatures vanquished.

Grand Total: 266 creatures vanquished

Notes
Turn   | Place    | Note
-------+----------+-------------------------------------------
     0 | D:1      | pkoi the Draconian Monk began the quest for the Orb.
     0 | D:1      | Reached XP level 1. HP: 19/19 MP: 1/1
     1 | D:1      | Found a runed translucent door.
   221 | D:1      | Found a faded altar of an unknown god.
   246 | D:1      | Became a worshipper of Nemelex Xobeh the Trickster
   246 | D:1      | Reached * piety under Nemelex Xobeh
   246 | D:1      | Received a gift from Nemelex Xobeh
   246 | D:1      | Reached ** piety under Nemelex Xobeh
   246 | D:1      | Received a gift from Nemelex Xobeh
   255 | D:1      | Received a gift from Nemelex Xobeh
   417 | D:1      | Reached XP level 2. HP: 26/26 MP: 2/2
   508 | D:1      | Reached *** piety under Nemelex Xobeh
   534 | D:1      | Reached skill level 1 in Invocations
  1201 | D:2      | Reached XP level 3. HP: 31/31 MP: 2/4
  1432 | D:2      | Reached XP level 4. HP: 17/38 MP: 5/5
  2309 | D:2      | Found a runed translucent door.
  2310 | D:2      | Noticed Crazy Yiuf
  2317 | D:2      | Killed Crazy Yiuf
  2705 | D:3      | Reached XP level 5. HP: 25/45 MP: 7/7
  2942 | D:3      | Received a gift from Nemelex Xobeh
  2950 | D:3      | Noticed Ijyb
  2952 | D:3      | Noticed Ijyb
  2952 | D:3      | Ijyb changed into Ijyb the hound
  2954 | D:3      | Killed Ijyb the hound
  2955 | D:3      | Reached skill level 5 in Unarmed Combat
  3072 | D:3      | Noticed Jessica
  3082 | D:3      | Killed Jessica
  3225 | D:3      | Reached XP level 6. HP: 46/51 MP: 9/9
  3588 | D:3      | Reached skill level 5 in Invocations
  3799 | D:3      | Your scales start taking on a rich purple colour.
  3799 | D:3      | Reached XP level 7. HP: 54/57 MP: 10/10
  4343 | D:3      | Reached **** piety under Nemelex Xobeh
  4492 | D:3      | Found an iron altar of Okawaru.
  4621 | D:3      | Found a transporter.
  4621 | D:3      | Identified the +9 great mace "Adanoaf" {vorpal, Drain Fly
                  | Str+4}
  4621 | D:3      | Noticed potato4science's ghost (amateur OpEn)
  4622 | D:3      | Found a transporter.
  4678 | D:4      | Learned a level 2 spell: Passwall
  4715 | D:4      | Received a gift from Nemelex Xobeh
  5148 | D:4      | Reached skill level 1 in Spellcasting
  5148 | D:4      | Reached skill level 1 in Transmutations
  5148 | D:4      | Reached skill level 1 in Earth Magic
  5639 | D:5      | Entered Level 5 of the Dungeon
  5768 | D:5      | Noticed Edmund
  5774 | D:5      | Noticed Blork the orc
  5778 | D:5      | Killed Edmund
  5779 | D:5      | Reached XP level 8. HP: 63/63 MP: 12/12
  5780 | D:5      | Killed Blork the orc
  5987 | D:5      | Noticed Sigmund
  5989 | D:5      | Killed Sigmund
  6085 | D:5      | Noticed Eustachio
  6106 | D:5      | Killed Eustachio
  6419 | D:5      | Received a gift from Nemelex Xobeh
  6558 | D:5      | Found a transporter.
  6706 | D:5      | Found a transporter.
  7581 | D:6      | Reached ***** piety under Nemelex Xobeh
  7597 | D:6      | Found a staircase to the Ecumenical Temple.
  7612 | D:6      | Reached XP level 9. HP: 49/70 MP: 14/14
  7729 | D:6      | Noticed Duvessa
  7729 | D:6      | Noticed Dowan
  7730 | D:6      | Killed Dowan
  7731 | D:6      | Killed Duvessa
  8224 | D:6      | Noticed Menkaure
  8234 | D:6      | Killed Menkaure
  8912 | Temple   | Entered the Ecumenical Temple
  9286 | D:7      | Found a transporter.
  9291 | D:7      | Noticed Tigers101's ghost (novice DgCj)
  9294 | D:7      | Noticed a moth of wrath
  9309 | D:7      | Received a gift from Nemelex Xobeh
  9954 | D:7      | Found a transporter.
 10153 | D:7      | Reached skill level 5 in Transmutations
 10308 | D:7      | Identified the +1 trident of the Unspeakable One {freeze,
                  | Drain rCorr Str+3 SInv}
 10534 | D:8      | Identified the +1 pair of gloves "Buab" {+Blink Str-3
                  | Int+3}
 10714 | D:8      | Learned a level 1 spell: Apportation
 10728 | D:8      | Noticed Harold
 10731 | D:8      | Killed Harold
 10732 | D:8      | Reached XP level 10. HP: 75/77 MP: 16/16
 11123 | D:8      | Received a gift from Nemelex Xobeh
 11125 | D:8      | Noticed Erica
 11141 | D:8      | Killed Erica
 11471 | D:8      | Found Efoan's Distillery.
 11491 | D:8      | Bought a potion of mutation for 96 gold pieces
 11878 | D:9      | Received a gift from Nemelex Xobeh
 11879 | D:9      | Found a flagged portal.
 11891 | Bailey   | Entered a bailey
 12417 | Bailey   | Reached skill level 10 in Invocations
 13031 | Bailey   | Reached skill level 10 in Unarmed Combat
 13801 | Bailey   | Received a gift from Nemelex Xobeh
 13823 | Bailey   | HP: 3/77 [orc warrior (6)]
 14140 | Bailey   | Reached skill level 5 in Translocations
 14196 | Bailey   | Noticed an orc knight
 14205 | Bailey   | Killed an orc knight
 14523 | Bailey   | Acquired the ring "Efousade" {*Corrode rN+++ AC+4 Str-2
                  | SInv Stlth+}
 14641 | D:9      | Noticed a white ugly thing
 14659 | D:9      | Slain by a white ugly thing

Illustrated notes

Levels and vault maps discovered:
D:1:      dpeg_arrival_caged_fury, layout_basic, serial_forest,
          infiniplex_forest_join, infiniplex_forest_lined_3_way,
          infiniplex_forest_corner_1, infiniplex_forest_straight_4,
          infiniplex_forest_end_2, infiniplex_forest_clump_curved,
          infiniplex_forest_clump_large, infiniplex_forest_clump_diagonal,
          infiniplex_forest_clump_tiny, ebering_ecumenical_altar_hall
D:2:      layout_loops_ring, uniq_crazy_yiuf_cottage, uniq_robin
D:3:      lemuel_castle_with_subvaults [lemuel_castle_interior_carwin_1],
          layout_basic, okawaru_trees_1, gammafunk_ghost_smash,
          chequers_mini_garden, uniq_ijyb, uniq_jessica
D:4:      layout_loops_ring, chequers_arboretum
D:5:      gammafunk_wand_slinger, layout_layer_cave, uniq_edmund, uniq_sigmund,
          uniq_blork_the_orc, uniq_eustachio
D:6:      layout_loops_ring, minmay_temple_entry_stoned_glass, uniq_duvessa,
          uniq_menkaure
D:7:      layout_cave_pools, gammafunk_ghost_berserking_beasts
D:8:      layout_rooms, kennysheep_diamond, st_stairs_2, uniq_erica, uniq_harold
D:9:      layout_basic, david_orc_4, enter_bailey_5,
          hangedman_abyss_or_decor_lesser_grid
Temple:   hc_temple_tempest_star

Skill      XL: |  1  2  3  4  5  6  7  8  9 10 |
---------------+-------------------------------+-----
Invocations    | 1 2 3 4 5 6 7 9 10 | 10.4
Unarmed Combat | 4 5 6 7 9 10 | 10.2
Spellcasting   | 2 3 4 |  4.5
Transmutations | 1 3 5 |  5.4
Earth Magic    | 1 3 4 |  4.0
Translocations | 2 5 |  5.0
Fighting       | |  3.2
Dodging        | |  2.6
Stealth        | |  1.7

Action                   |  1- 3 |  4- 6 |  7- 9 | 10-12 || total
-------------------------+-------+-------+-------+-------++-------
Melee: Unarmed           |   106 |   189 |   462 |   207 ||   964
       Tailslap          |     8 |    19 |    65 |    21 ||   113
       Punch             |     1 |     5 |    13 |     8 ||    27
Throw: Dart              |       |       |       |     3 ||     3
Invok: Draw Destruction  |       |    14 |    24 |    13 ||    51
       Draw Escape       |       |       |     2 |       ||     2
       Draw Summoning    |       |       |     8 |     9 ||    17
 Abil: Breathe Dispellin |       |       |     3 |       ||     3
  Use: Scroll            |       |     3 |     6 |     3 ||    12
       Potion            |       |     1 |     1 |     2 ||     4
 Stab: Sleeping          |     5 |     1 |     2 |       ||     8
       Distracted        |       |     1 |       |       ||     1
Armor: Skin              |    25 |    71 |   165 |    77 ||   338
Dodge: Dodged            |    68 |   126 |   283 |   130 ||   607
